 Dungeon Crawl Stone Soup version 0.24-a0-218-ga595e75 (webtiles) character file.

Game seed: 3824179992973259131

267 Inarius the Skirmisher (level 6, -2/48 HPs)
             Began as a Demonspawn Abyssal Knight on Mar 30, 2019.
             Was a Priest of Lugonu.
             Slain by an orc wizard
             ... wielding a +2 dagger of electrocution
              (18 damage)
             ... on level 3 of the Dungeon.
             The game lasted 00:04:27 (2576 turns).

Inarius the Skirmisher (Demonspawn Abyssal Knight)  Turns: 2576, Time: 00:04:28

Health: -2/48      AC:  7    Str: 17    XL:     6   Next: 0%
Magic:  8/8        EV: 11    Int: 13    God:    Lugonu [***...]
Gold:   61         SH:  0    Dex: 12    Spells: 5/5 levels left

rFire    . . .     SeeInvis .   a - +1 hand axe
rCold    . . .     Gourm    .   (no shield)
rNeg     . . .     Faith    .   l - +0 ring mail
rPois    .         Spirit   .   (no helmet)
rElec    .         Reflect  .   (no cloak)
rCorr    .         Harm     .   (no gloves)
MR       .....                  (no boots)
Stlth    +.........             (no amulet)
HPRegen  0.16/turn              i - +2 ring of strength
MPRegen  0.11/turn              (no ring)

@: no status effects
A: claws 1, thin metallic scales 1
a: Depart the Abyss, Bend Space, Banish, Renounce Religion


You were on level 3 of the Dungeon.
You worshipped Lugonu.
Lugonu was most pleased with you.
You were not hungry.

You visited 1 branch of the dungeon, and saw 3 of its levels.
You visited the Abyss 1 time.

You collected 61 gold pieces.

Inventory:

Hand Weapons
 a - a +1 hand axe (weapon)
Armour
 l - a +0 ring mail (worn)
Jewellery
 i - a +2 ring of strength (left claw)
Scrolls
 b - 3 scrolls of remove curse {unknown}
 e - 2 scrolls of random uselessness {unknown}
 h - 2 scrolls of identify {unknown}
 j - 4 scrolls of teleportation {unknown}
 k - a scroll of amnesia {unknown}
 n - a scroll of immolation {unknown}
 o - 2 scrolls of fog {unknown}
Potions
 d - a potion of heal wounds {unknown}
 g - a potion of berserk rage
 m - 2 potions of ambrosia {unknown}
Comestibles
 c - 9 rations
 f - 4 chunks of flesh


   Skills:
 - Level 3.8 Fighting
 - Level 3.0 Axes
 - Level 2.8 Armour
 - Level 1.1 Dodging
 * Level 2.9 Unarmed Combat
 - Level 3.3 Invocations


You had 5 spell levels left.
You didn't know any spells.
Your spell library was empty.

Dungeon Overview and Level Annotations

Branches:
Dungeon (3/15)

Altars:
Ashenzari
Dithmenos
Fedhas
Vehumet


Innate Abilities, Weirdness & Mutations

You have sharp fingernails.
You are partially covered in thin metallic scales. (AC +2)


Message History

Lugonu accepts your kill.
You have reached level 6!
Your experience leads to an increase in your attributes!
Your base attributes are Str 14, Int 13, Dex 12.
Increase (S)trength, (I)ntelligence, or (D)exterity?
You feel stronger. The orc wizard casts a spell at you.
The magic dart hits you.
Things that are here:
a +0 club; an orc corpse You hit the orc wizard.
The orc wizard is moderately wounded.
The orc wizard closely misses you.
The orc wizard hits you but does no damage.
You are electrocuted!
You hit the orc wizard.
The orc wizard is heavily wounded.
The orc wizard hits you with a +2 dagger of electrocution. x2
You are electrocuted!!
You die...

....... #.##.# ♣♣...♣ #
...(.## #)##.# ♣♣..... #
#.#.....####.##.# ♣♣......
#.#.##.K..........#
♣...._..
#....#......###.###
♣♣....... ...#........# #.#
♣........ #....#......# #.#
♣.♣...... #....(..###.#
♣♣♣♣♣...♣ #...÷.(.>.)@#
♣♣...♣ #.......###o######♣
♣.....
....##.....##........#
###.## .###
#.....#.#.#.##### #...
###(#.........#############
...........................
#####.#.#####.#############
#.##.###.## . ##.#.##


You could see an orc wizard.

Vanquished Creatures
  An ogre (D:3)
  A centaur (D:2)
  An adder (D:3)
  An ooze (D:1)
  4 worms (D:2)
  2 dart slugs
  5 leopard geckos
  6 orcs (D:3)
  3 ball pythons
  A giant cockroach (D:1)
  2 goblins (D:2)
  8 hobgoblins
  10 kobolds
  11 bats
  6 frilled lizards
  8 rats
70 creatures vanquished.

Notes
Turn   | Place    | Note
-------+----------+-------------------------------------------
     0 | Abyss:1  | Inarius the Demonspawn Abyssal Knight began the quest for
                  | the Orb.
     0 | Abyss:1  | Reached XP level 1. HP: 18/18 MP: 2/2
    21 | D:1      | Escaped the Abyss
   102 | D:1      | Gained mutation: You are partially covered in thin metallic
                  | scales. (AC +2) [demonic ancestry]
   102 | D:1      | Reached XP level 2. HP: 21/24 MP: 4/4
   239 | D:1      | Reached skill level 1 in Dodging
   303 | D:1      | Reached ** piety under Lugonu
   506 | D:1      | Reached XP level 3. HP: 25/29 MP: 5/5
  1287 | D:2      | Noticed a centaur
  1293 | D:2      | Killed a centaur
  1293 | D:2      | Reached XP level 4. HP: 13/37 MP: 6/6
  1532 | D:2      | Found a shattered altar of Ashenzari.
  1692 | D:2      | Gained mutation: You have sharp fingernails. [demonic
                  | ancestry]
  1692 | D:2      | Reached XP level 5. HP: 41/42 MP: 7/7
  1791 | D:2      | Found a shadowy altar of Dithmenos.
  1927 | D:2      | Reached *** piety under Lugonu
  2241 | D:3      | Noticed an ogre
  2257 | D:3      | Killed an ogre
  2258 | D:3      | Found a radiant altar of Vehumet.
  2487 | D:3      | Found a blossoming altar of Fedhas.
  2573 | D:3      | Reached XP level 6. HP: 38/48 MP: 8/8
  2576 | D:3      | Slain by an orc wizard

Levels and vault maps discovered:
D:1:      roderic_octagonal_star, layout_basic
D:2:      layout_loops_ring, nicolae_dithmenos_through_a_glass_darkly,
          ashenzari_conservatory_becter, first_ration
D:3:      layout_loops_ring, lemuel_coloured_pillars_altar,
          fedhas_altar_fruit_tree
Abyss:1:  hangedman_decor_peaks_small

Skill      XL: |  1  2  3  4  5 |
---------------+----------------+-----
Dodging        | 1 |  1.1
Armour         | 2 |  2.8
Axes           | 2 3 |  3.0
Invocations    | 3 |  3.3
Unarmed Combat | 2 |  2.9
Fighting       | |  3.8

Action                   |  1- 3 |  4- 6 || total
-------------------------+-------+-------++-------
Melee: Hand axe          |   106 |   123 ||   229
       Punch             |       |     1 ||     1
Throw: Throwing net      |       |     1 ||     1
  Use: Potion            |     1 |       ||     1
  Eat: Chunk             |     1 |     5 ||     6
Armor: Leather armour    |     8 |       ||     8
       Ring mail         |    40 |    55 ||    95
Dodge: Dodged            |    67 |    74 ||   141

Table legend:
 A = Non-vault XP
 B = Vault XP
 C = Vault XP percentage of total XP
 D = Non-vault monster count
 E = Vault monster count
 F = Vault count percentage of total count
                 A         B        C        D         E       F
            +---------+---------+-------+---------+---------+-------
      Total |     382 |       0 |   0.0 |      70 |       0 |   0.0
            +---------+---------+-------+---------+---------+-------
        D:1 |      56 |       0 |   0.0 |      31 |       0 |   0.0
        D:2 |     158 |       0 |   0.0 |      24 |       0 |   0.0
        D:3 |     168 |       0 |   0.0 |      15 |       0 |   0.0
            +---------+---------+-------+---------+---------+-------
